Map: Proxima Station LE

Players

uThermal

  • Race: Terran Terran
  • Spawn Location: 7:00

ShoWTimE - Winner!

  • Race: Protoss Protoss
  • Spawn Location: 1:00

Event: IEM XI Katowice - World Championship 2017

VOD

Have the link to the VOD?

Description

Time

  • Played on: March 3, 2017, 3:23 p.m.
  • Length: 12:44

All games in this series

Show
View Real Time Build Order
Export as new Build Order

uThermal Terran 

Build Orders: Reaper Expand, MMM Bio 

Get SALT Encoding   

  12  0:01  SCV  
  13  0:13  SCV  
  14  0:20  Supply Depot  
  14  0:26  SCV  
  14  0:27  Refinery  
  15  0:41  SCV  
  16  0:44  Barracks  
  16  0:53  SCV  
  17  1:05  SCV  
  18  1:17  SCV  
  19  1:31  Reaper, Orbital Command  
  20  1:45  Command Center  
  20  1:55  Factory  
  20  1:58  SCV  
  21  2:05  Barracks Reactor  
  21  2:10  SCV  
  21  2:15  Supply Depot, Refinery  
  22  2:22  SCV  
  23  2:37  SCV  
  23  2:41  Marine x2, Starport  
  26  2:45  Widow Mine  
  26  2:49  SCV  
  29  2:57  Orbital Command  
  29  3:00  Marine  
  29  3:01  Marine, SCV  
  32  3:13  SCV  
  32  3:15  Widow Mine  
  32  3:18  Viking  
  37  3:21  Marine  
  37  3:25  SCV  
  37  3:26  SCV  
  40  3:29  Marine  
  40  3:33  Supply Depot  
  41  3:38  SCV  
  41  3:39  Marine  
  41  3:40  SCV  
  44  3:46  Barracks  
  44  3:49  Factory Tech Lab  
  44  3:50  SCV  
  44  3:52  SCV  
  46  3:55  Marine  
  46  3:56  Marine  
  46  4:02  SCV  
  49  4:04  SCV  
  49  4:05  Supply Depot  
  50  4:13  Starport Tech Lab  
  50  4:14  SCV  
  50  4:15  Barracks  
  50  4:16  Marine, SCV  
  53  4:17  Marine, Factory Reactor  
  54  4:26  SCV  
  54  4:28  SCV  
  54  4:29  Supply Depot  
  56  4:34  Engineering Bay  
  56  4:38  SCV  
  56  4:40  Marine x2  
  56  4:41  Marine, Starport Reactor  
  56  4:42  Stimpack  
  60  4:46  SCV  
  60  4:47  Supply Depot  
  61  4:54  Widow Mine x2  
  61  4:57  Supply Depot  
  61  4:58  Marine  
  61  4:59  Marine  
  67  5:07  Terran Infantry Weapons Level 1  
  67  5:08  Marine  
  67  5:09  SCV  
  69  5:16  Marine  
  69  5:18  Medivac x2  
  69  5:20  Combat Shields  
  69  5:21  Marine x2  
  74  5:25  Missile Turret  
  74  5:27  Widow Mine  
  77  5:29  Widow Mine  
  77  5:33  Marine, Missile Turret  
  77  5:35  Marine  
  81  5:38  Marine  
  81  5:39  Marine  
  83  5:43  Supply Depot  
  83  5:45  Supply Depot  
  83  5:46  SCV  
  84  5:51  Medivac  
  86  6:02  Supply Depot  
  86  6:04  Marine x4, Medivac  
  86  6:06  SCV, Refinery  
  86  6:07  Refinery  
  86  6:09  Widow Mine  
  86  6:10  Widow Mine  
  98  6:14  SCV  
  98  6:15  Supply Depot  
  98  6:20  SCV  
  98  6:22  Marine x2  
  98  6:23  Supply Depot  
  101  6:26  SCV  
  101  6:31  Marine  
  101  6:32  SCV  
  104  6:34  Marine  
  105  6:40  Marine  
  105  6:44  Marine  
  107  6:49  Marine, Viking  
  107  6:50  Viking  
  112  7:04  Widow Mine x2  
  112  7:05  Marine x2  
  112  7:07  Barracks  
  115  7:08  Barracks  
  110  7:17  Marine  
  110  7:19  Viking  
  110  7:20  Viking  
  110  7:21  Terran Infantry Armor Level 1  
  110  7:22  SCV x2  
  111  7:31  Command Center  
  111  7:34  Marine, SCV  
  111  7:35  Marine  
  105  7:39  Marauder x2  
  105  7:41  SCV  
  108  7:46  SCV  
  108  7:50  Viking  
  111  7:53  SCV  
  111  7:54  Viking  
  111  7:56  Barracks Tech Lab  
  111  7:58  Marine, Barracks Reactor  
  114  8:00  Marine  
  114  8:02  Marine  
  117  8:07  Supply Depot, SCV  
  117  8:12  SCV  
  119  8:17  Marauder  
  119  8:18  Concussive Shells  
  119  8:19  Supply Depot, SCV  
  122  8:24  SCV  
  122  8:31  Viking  
  124  8:34  SCV  
  124  8:36  Supply Depot, SCV  
  124  8:37  Marine  
  124  8:39  Marine  
  128  8:44  Orbital Command  
  128  8:45  Marine  
  128  8:46  SCV  
  130  8:49  SCV  
  131  8:56  Marine  
  131  8:57  Marauder x2  
  131  8:58  SCV  
  131  9:01  Medivac x2  
  131  9:02  Marine  
  142  9:08  Marine x2, Armory  
  142  9:09  Marine  
  144  9:14  Marine  
  145  9:18  Marauder  
  145  9:19  Marine  
  145  9:20  Marine  
  149  9:27  Marauder  
  149  9:28  Marine x2  
  152  9:31  Viking x2  
  152  9:32  Marine  
  152  9:36  Supply Depot  
  152  9:37  Marauder  
  152  9:38  Marine  
  160  9:40  Marauder  
  162  9:46  Marine x2  
  162  9:50  Marine  
  165  9:57  Marine, Widow Mine x2  
  165  9:58  Marauder  
  172  10:01  Marauder  
  172  10:02  Marauder  
  172  10:03  Marine  
  172  10:05  Marine  
  155  10:07  Marine  
  134  10:15  Marine  
  134  10:19  Liberator, Marauder  
  134  10:20  Liberator, Barracks x2  
  135  10:21  Marine, Barracks  
  135  10:22  Marauder  
  135  10:25  Marine, Widow Mine x2, Marauder  
  135  10:28  Marine  
  145  10:34  Marine  
  146  10:39  Marine  
  146  10:41  Marauder  
  151  10:43  Marine  
  151  10:44  Marauder  
  151  10:46  Marine  
  151  10:47  Marauder  
  154  10:50  Orbital Command  
  154  10:54  Widow Mine x2  
  158  10:59  Marine  
  158  11:02  Marauder  
  149  11:24  Supply Depot  
  134  11:59  Supply Depot  
  130  12:01  Marine x4  
  130  12:04  Marauder  
  130  12:05  Marauder  
  134  12:08  Marauder  
  134  12:10  Medivac  
  134  12:11  Supply Depot  
  134  12:21  Marine x4  
  142  12:34  Supply Depot  
  142  12:35  Supply Depot  
Show
View Real Time Build Order
Export as new Build Order

ShoWTimE Protoss - Winner!

Build Orders: 1 Gate Expand, Phoenix Opening, Colossus Rush 

Get SALT Encoding   

  12  0:00  Probe (Chrono Boost)  
  13  0:11  Probe (Chrono Boost)  
  14  0:17  Pylon  
  14  0:22  Probe (Chrono Boost)  
  15  0:35  Probe (Chrono Boost)  
  16  0:38  Gateway  
  16  0:43  Assimilator  
  16  0:47  Probe (Chrono Boost)  
  17  0:57  Probe (Chrono Boost)  
  18  1:08  Probe (Chrono Boost)  
  19  1:21  Nexus  
  19  1:24  Probe (Chrono Boost)  
  20  1:34  Cybernetics Core  
  20  1:37  Probe (Chrono Boost)  
  21  1:44  Assimilator  
  21  1:47  Probe (Chrono Boost)  
  21  1:52  Pylon  
  22  1:58  Probe (Chrono Boost)  
  23  2:11  Mothership Core (Chrono Boost)  
  23  2:12  Adept  
  27  2:21  Warp Gate  
  27  2:29  Probe (Chrono Boost)  
  28  2:33  Probe (Chrono Boost)  
  29  2:39  Probe (Chrono Boost)  
  31  2:44  Probe (Chrono Boost)  
  31  2:50  Stargate, Probe (Chrono Boost)  
  32  2:54  Probe (Chrono Boost)  
  32  3:00  Probe (Chrono Boost)  
  32  3:05  Probe (Chrono Boost)  
  34  3:11  Probe (Chrono Boost)  
  35  3:14  Adept  
  35  3:15  Probe (Chrono Boost)  
  35  3:16  Pylon  
  38  3:21  Probe (Chrono Boost)  
  38  3:26  Probe (Chrono Boost)  
  38  3:30  Phoenix  
  38  3:33  Probe (Chrono Boost)  
  41  3:34  Robotics Facility  
  41  3:36  Assimilator  
  41  3:37  Probe (Chrono Boost)  
  42  3:45  Probe (Chrono Boost)  
  42  3:46  Assimilator  
  42  3:47  Probe (Chrono Boost)  
  44  3:50  Gateway  
  44  3:56  Pylon  
  44  3:57  Phoenix, Probe (Chrono Boost)  
  44  3:58  Probe (Chrono Boost)  
  48  4:08  Probe (Chrono Boost)  
  50  4:10  Probe (Chrono Boost)  
  50  4:11  Pylon  
  50  4:20  Observer, Mothership Core (Chrono Boost)  
  50  4:21  Phoenix  
  50  4:22  Probe (Chrono Boost)  
  54  4:26  Adept  
  58  4:34  Probe (Chrono Boost)  
  60  4:38  Probe (Chrono Boost)  
  61  4:45  Robotics Bay  
  61  4:46  Probe (Chrono Boost)  
  61  4:49  Probe (Chrono Boost)  
  61  4:51  Phoenix  
  62  4:56  Pylon  
  62  4:58  Probe (Chrono Boost)  
  65  5:00  Pylon  
  65  5:16  Probe (Chrono Boost)  
  65  5:18  Observer, Probe (Chrono Boost)  
  68  5:24  Nexus  
  68  5:25  Extended Thermal Lance  
  68  5:26  Pylon  
  68  5:31  Colossus  
  74  5:47  Gateway  
  76  5:50  Gateway  
  76  5:51  Zealot, Sentry, Probe x2 (Chrono Boost)  
  76  5:55  Forge  
  80  6:03  Probe x2 (Chrono Boost)  
  82  6:08  Pylon  
  82  6:10  Pylon  
  82  6:13  Pylon  
  82  6:15  Adept x2  
  86  6:18  Colossus  
  86  6:28  Probe x2 (Chrono Boost)  
  86  6:30  Protoss Ground Weapons Level 1  
  94  6:36  Stalker x2  
  98  6:43  Probe (Chrono Boost)  
  98  6:44  Probe (Chrono Boost)  
  98  6:45  Stalker  
  102  6:47  Stalker  
  102  6:51  Pylon  
  103  7:05  Colossus  
  103  7:06  Gateway  
  103  7:07  Stalker  
  103  7:08  Gateway  
  111  7:17  Stalker x2  
  113  7:30  Stalker x2  
  117  7:39  Twilight Council  
  117  7:41  Probe (Chrono Boost)  
  117  7:42  Probe x2 (Chrono Boost)  
  117  7:44  Assimilator  
  120  7:46  Photon Cannon  
  120  7:47  Assimilator  
  120  7:51  Pylon, Probe (Chrono Boost)  
  119  7:54  Probe x2 (Chrono Boost)  
  119  7:55  Adept  
  119  7:58  Pylon  
  124  8:01  Colossus  
  124  8:07  Pylon  
  124  8:10  Protoss Ground Armor Level 1, Stalker, Forge  
  132  8:17  Adept, Stalker x2  
  132  8:18  Blink  
  138  8:21  Pylon  
  138  8:27  Adept x2  
  142  8:41  Pylon  
  142  8:43  Zealot x4  
  142  8:45  Pylon  
  142  8:46  Pylon  
  150  8:55  Observer, Probe x2 (Chrono Boost), Protoss Ground Weapons Level 2  
  151  8:56  Probe (Chrono Boost)  
  151  9:00  Photon Cannon  
  152  9:06  Adept x4  
  152  9:09  Adept  
  162  9:12  Adept  
  162  9:13  Disruptor  
  164  9:17  Pylon  
  167  9:30  Adept x2  
  167  9:31  Adept x2  
  173  9:35  Pylon  
  173  9:39  Adept x2  
  177  9:49  Pylon  
  177  9:50  Disruptor  
  177  9:51  Pylon  
  177  9:56  Stalker x3  
  185  10:04  Adept x3  
  185  10:06  Resonating Glaives  
  162  10:20  Nexus  
  162  10:22  Adept x2  
  162  10:23  Pylon  
  162  10:24  Assimilator  
  166  10:36  Adept x2  
  166  10:37  Adept x2  
  174  10:44  Adept x2  
  176  10:58  Adept x4  
  176  11:01  Adept  
  172  11:08  Adept x2  
  171  11:12  Mothership Core (Chrono Boost)  
  170  11:22  Stalker x2  
  170  11:23  Stalker x2  
  178  11:34  Probe (Chrono Boost)  
  178  11:35  Probe x2 (Chrono Boost)  
  181  11:46  Adept x4  
  185  12:08  Nexus  
  179  12:14  Photon Cannon  
  179  12:15  Pylon  
  176  12:33  Pylon  
  176  12:35  Stalker  

Tags
 
Add a new tag
Caveats
  • Supply blocks, unpowered buildings, or Contaminate may cause inaccurate times.
  • Supply counts are checked every 10 seconds.